 Dungeon Crawl Stone Soup version 0.28.0-49-g6dfe1f597d (webtiles) character file.

Game seed: 14750442449938552069

28620 Atelerd the Thaumaturge (level 13, 0/77 HPs)
             Began as an Octopode Earth Elementalist on May 13, 2022.
             Was an Elder of Sif Muna.
             Killed from afar by an electric eel (6 damage)
             ... with a bolt of electricity
             ... on level 4 of the Lair of Beasts.
             The game lasted 00:45:19 (20316 turns).

Atelerd the Thaumaturge (OpEE)                     Turns: 20316, Time: 00:45:19

Health: 0/77       AC:  1    Str:  8    XL:     13   Next: 40%
Magic:  14/39      EV: 15    Int: 21    God:    Sif Muna [****..]
Gold:   711        SH:  0    Dex: 13    Spells: 10/39 levels left

rFire   . . .      SeeInvis .   a - +2 dagger (vamp)
rCold   . . .      Faith    +   (no shield)
rNeg    + . .      Spirit   .   (helmet restricted)
rPois   +          Reflect  .   m - amulet of faith
rElec   .          Harm     .   o - ring of wizardry
rCorr   .          Rampage  .   y - ring of magical power
Will    .....                   A - ring "Nowagora" {rPois rN+}
Stlth   +++++.....              (no ring)
HPRegen 0.22/turn               (no ring)
MPRegen 0.26/turn               (no ring)
                                (no ring)
                                (no ring)

@: no status effects
A: almost no armour, amphibious, 8 rings, camouflage 1, gelatinous body 1,
(nimble swimmer 1), tentacles
a: Renounce Religion, Channel Magic, Forget Spell, Divine Exegesis


You were on level 4 of the Lair of Beasts.
You worshipped Sif Muna.
Sif Muna was greatly pleased with you.
You visited 3 branches of the dungeon, and saw 16 of its levels.
You also visited: Ossuary.

You collected 1322 gold pieces.
You spent 611 gold pieces at shops.

Inventory:

Hand Weapons
 a - a +2 vampiric dagger (weapon)
 d - a +0 short sword
 g - the +4 hand axe "Paawe" {flame, rElec Str+6 Int-2}
   (You found it on level 11 of the Dungeon)

   It burns those it strikes, dealing additional fire damage.
   Big, fiery blades are also staple armaments of hydra-hunters.
   Str:       It affects your strength (+6).
   Int:       It affects your intelligence (-2).
   rElec:     It insulates you from electricity.
Missiles
 b - 238 stones
 F - 2 throwing nets
Armour
 k - an orb of wrath
Jewellery
 m - an amulet of faith (around mantle)
 o - a ring of wizardry (left tentacle)
 y - a ring of magical power (right tentacle)
 A - the ring "Nowagora" (on tentacle) {rPois rN+}
   (You found it on level 9 of the Dungeon)

   [ring of poison resistance]

   rPois:     It protects you from poison.
   rN:        It protects you from negative energy.
 D - an amulet of guardian spirit
 N - a ring of positive energy
Wands
 q - a wand of iceblast (19)
 K - a wand of charming (4)
 L - a wand of flame (9)
 O - a wand of digging (5)
Scrolls
 e - 2 scrolls of summoning {unknown}
 f - a scroll of teleportation
 i - a scroll of silence {unknown}
 j - 2 scrolls of torment
 l - 3 scrolls of amnesia {unknown}
 r - 3 scrolls of fog
 s - 2 scrolls of acquirement {unknown}
 u - a scroll of noise
 w - 2 scrolls of magic mapping {unknown}
 x - 2 scrolls of immolation
 z - 5 scrolls of vulnerability
 C - 4 scrolls of identify
 G - 2 scrolls of fear {unknown}
 H - 2 scrolls of enchant armour {unknown}
 J - a scroll of enchant weapon {unknown}
 M - a scroll of brand weapon {unknown}
Potions
 c - a potion of curing
 h - 3 potions of attraction
 n - a potion of magic
 p - 3 potions of haste
 t - a potion of invisibility {unknown}
 v - a potion of brilliance {unknown}
 B - 2 potions of mutation {unknown}
 E - 2 potions of degeneration {unknown}
 I - 3 potions of ambrosia {unknown}


   Skills:
 + Level 3.1 Fighting
 + Level 4.7 Short Blades
 + Level 5.5 Dodging
 - Level 10.0 Stealth
 - Level 0.4 Unarmed Combat
 + Level 13.5 Spellcasting
 - Level 6.0 Conjurations
 - Level 2.0 Summonings
 - Level 3.0 Translocations
 - Level 4.0 Transmutations
 + Level 2.2 Ice Magic
 - Level 6.0 Air Magic
 - Level 7.0 Earth Magic
 + Level 6.6 Invocations


You had 10 spell levels left.
You knew the following spells:

 Your Spells              Type           Power      Damage    Failure   Level
a - Sandblast             Erth           86%        2d18      1%          1
b - Mephitic Cloud        Conj/Pois/Air  30%        N/A       1%          3
c - Freezing Cloud        Conj/Ice/Air   17%        6-21      8%          5
d - Summon Ice Beast      Ice/Summ       23%        N/A       8%          4
f - Ignite Poison         Fire/Tmut/Pois 19%        N/A       3%          3
i - Iskenderun's Mystic   Conj/Tloc      33%        2d8       2%          4
l - Lightning Bolt        Conj/Air       19%        1d34      4%          5
p - Petrify               Tmut/Erth      37%        N/A       1%          4

Your spell library contained the following spells:

 Spells                   Type           Power      Damage    Failure   Level
 Corpse Rot               Necr/Air       52%        N/A       1%          2
 Passwall                 Tmut/Erth      30%        N/A       1%          2
 Poisonous Vapours        Pois/Air       52%        N/A       1%          2
 Static Discharge         Conj/Air       39%        N/A       1%          2
 Conjure Flame            Conj/Fire      26%        6-21      1%          3
 Dazzling Flash           Conj/Hex       52%        N/A       1%          3
 Stone Arrow              Conj/Erth      82%        3d12      1%          3
 Frozen Ramparts          Ice            46%        1d6       2%          3
 Ice Form                 Ice/Tmut       27%        N/A       4%          4
 Passage of Golubria      Tloc           26%        N/A       5%          4
 Sticky Flame             Conj/Fire      26%        2d5       5%          4
 Silence                  Hex/Air        13%        N/A       16%         5
 Starburst                Conj/Fire      13%        6d5       58%         6
 Lehudib's Crystal Spear  Conj/Erth      20%        10d6      100%        8
 Maxwell's Capacitive Co  Air            19%        ∞         100%        8


Dungeon Overview and Level Annotations

Branches:
Dungeon (11/15)            Temple (1/1) D:6            Lair (4/6) D:8
 Spider (0/4) Lair:2          Orc (0/2) D:10        Ossuary (visited)
  Swamp: Lair:2-4    Shoals: Lair:2-4

Altars:
Ashenzari
Cheibriados
Dithmenos
Gozag
Hepliaklqana
Kikubaaqudgha
Makhleb
Okawaru
Ru
Sif Muna
Vehumet
Xom
Yredelemnul

Shops:
D:3 =   D:7 ?*??!

Annotations:
D:1 exclusion: downstairs
D:2 1 runed translucent door, Crazy Yiuf
D:6 exclusion: 2 downstairs
D:7 exclusion: downstairs
D:8 exclusion: downstairs
D:9 exclusion: downstairs
Lair:1 exclusions: downstairs and 1 more exclusion


Innate Abilities, Weirdness & Mutations

You cannot wear most types of armour.
You are amphibious.
You can wear up to eight rings at the same time.
Your skin changes colour to match your surroundings (Stealth+).
Your rubbery body absorbs attacks. (AC +1, EV +1)
((You are camouflaged when in or above water. (Stealth+)))
You have tentacles for arms and can constrict up to eight enemies at once.


Message History

The fungus is lightly damaged.
The mystic blast hits the yak!
The yak is lightly wounded.
The yak is knocked back by the mystic blast.
The mystic blast hits the yak!
The yak is moderately wounded.
The yak is knocked back by the mystic blast.
The yak bellows!
A yak comes into view.
Okay, then.
As you read the scroll of teleportation, it crumbles to dust.
You feel strangely unstable. The cane toad stings you!
* * * LOW HITPOINT WARNING * * *
You feel better.
A yak comes into view.
The cane toad barely misses you.
A yak comes into view.
You feel better.
The yak bellows! x2
A nearby fungus withers and dies.
The cane toad misses you. The yak closely misses you.
You open the door.
Your surroundings suddenly seem different.
A wyvern, a bullfrog and 2 electric eels come into view.
Found an amulet of guardian spirit and a war axe.
Found an escape hatch in the floor.
Unknown command.
Found a silvery potion.
The electric eel shoots out a bolt of lightning at you!
The bolt of electricity hits the fungus.
The fungus begins to die.
The bolt of electricity hits you!
* * * LOW HITPOINT WARNING * * *
The electric eel shoots out a bolt of lightning at you!
The bolt of electricity hits the fungus!
The bolt of electricity hits you.
* * * LOW HITPOINT WARNING * * *
Found a stone staircase leading down.
The electric eel shoots out a bolt of lightning at you!
The bolt of electricity hits you.
You die...

.."......≈SFS≈≈
...........S≈≈≈
...l........≈≈P
#P####..P.....P
###P...P....
#.>.).P.#.##
#P.#..#.# #
#..#..###
#....#+@###
#.........#
#!.........>.
#.........P##.#
#.........## #
##........#
........##
#........


You could see an electric eel.

Vanquished Creatures
  Harold (D:10)
  3 two-headed ogres
  Urug (Lair:1)
  A deep troll (D:11)
  An orc knight (D:11)
  3 cyclopes (D:11)
  Joseph (D:9)
  3 black mambas
  3 cane toads
  Maggie (D:7)
  An efreet (D:11)
  2 unseen horrors
  A kobold demonologist (D:10)
  7 komodo dragons
  A hornet (D:9)
  2 jumping spiders (Lair:2)
  Sigmund (D:2)
  3 shadows
  2 wraiths
  55 yaks
  A basilisk (D:7)
  Grum (D:9)
  2 steam dragons
  Menkaure (D:7)
  2 wargs (D:10)
  An acid dragon (D:11)
  6 water moccasins
  A black bear (Lair:1)
  4 orc warriors
  2 sky beasts (D:7)
  2 ice beasts
  2 ogres
  A necrophage (D:6)
  6 centaurs
  18 wolves
  3 kobold brigands
  An elf zombie (Ossuary)
  5 gnoll sergeants
  12 bullfrogs
  4 scorpions
  A wyvern skeleton (D:6)
  A water moccasin skeleton (D:4)
  5 wights (D:9)
  9 killer bees
  A howler monkey (D:6)
  6 centaur zombies
  4 orc priests
  2 jellies
  A bullfrog skeleton (D:7)
  3 centaur skeletons (D:7)
  Terence (D:2)
  A human zombie (Ossuary)
  2 iguanas
  5 orc wizards
  7 hell rats (Lair:2)
  2 mummies (Ossuary)
  2 howler monkey zombies
  13 gnolls
  3 adders
  A white imp (D:6)
  An ufetubus (D:7)
  2 worms (D:2)
  4 dart slugs
  25 orcs
  9 endoplasms
  5 giant cockroaches
  3 gnoll zombies (Ossuary)
  4 goblins
  4 hobgoblins
  14 kobolds
  8 quokkas
  6 ball pythons
  4 bats
  2 frilled lizards
  3 goblin zombies (Ossuary)
  3 hobgoblin zombies (Ossuary)
  2 orc zombies (Ossuary)
  5 rats
342 creatures vanquished.

Vanquished Creatures (collateral kills)
  2 yaks (Lair:2)
2 creatures vanquished.

Vanquished Creatures (others)
  32 fungi
  37 plants
69 creatures vanquished.

Grand Total: 413 creatures vanquished

Notes
Turn   | Place    | Note
-------+----------+-------------------------------------------
     0 | D:1      | Atelerd the Octopode Earth Elementalist began the quest for
                  | the Orb.
     0 | D:1      | Reached XP level 1. HP: 11/11 MP: 3/3
   105 | D:1      | Reached XP level 2. HP: 12/17 MP: 3/5
   264 | D:1      | Found a faded altar of an unknown god.
   709 | D:1      | Reached XP level 3. HP: 21/21 MP: 6/6
  1016 | D:2      | Noticed Sigmund
  1388 | D:3      | Found Enucog's Jewellery Emporium.
  1563 | D:3      | Reached XP level 4. HP: 16/27 MP: 4/8
  1789 | D:3      | Learned a level 4 spell: Petrify
  1803 | D:4      | Noticed an ogre
  1806 | D:4      | Reached skill level 1 in Short Blades
  1806 | D:4      | Reached skill level 3 in Spellcasting
  1822 | D:4      | Killed an ogre
  1823 | D:4      | Reached skill level 1 in Fighting
  1823 | D:4      | Reached XP level 5. HP: 33/33 MP: 5/10
  1995 | D:4      | Reached XP level 6. HP: 37/38 MP: 4/11
  1997 | D:4      | Reached skill level 5 in Earth Magic
  2897 | D:2      | Found a runed translucent door.
  2898 | D:2      | Noticed Crazy Yiuf
  2937 | D:2      | Noticed Terence
  2969 | D:2      | Killed Terence
  3592 | D:2      | Killed Sigmund
  3593 | D:2      | Reached skill level 4 in Spellcasting
  3593 | D:2      | Reached XP level 7. HP: 38/43 MP: 8/13
  3853 | D:5      | Entered Level 5 of the Dungeon
  4071 | D:5      | Found a sand-covered staircase.
  4077 | Ossuary  | Entered an ossuary
  4313 | Ossuary  | Reached skill level 5 in Spellcasting
  4313 | Ossuary  | Reached XP level 8. HP: 40/48 MP: 5/15
  4568 | D:5      | You fall into a shaft and drop 1 floor!
  4795 | D:6      | Found a staircase to the Ecumenical Temple.
  5378 | D:6      | Noticed a two-headed ogre
  5424 | D:6      | Killed a two-headed ogre
  5425 | D:6      | Reached skill level 5 in Stealth
  5425 | D:6      | Reached skill level 6 in Spellcasting
  5425 | D:6      | Reached XP level 9. HP: 54/54 MP: 2/18
  5431 | D:6      | Learned a level 5 spell: Lightning Bolt
  6449 | D:7      | Noticed Menkaure
  6676 | D:7      | Killed Menkaure
  6692 | D:7      | Reached skill level 7 in Spellcasting
  6829 | Temple   | Entered the Ecumenical Temple
  6889 | Temple   | Became a worshipper of Sif Muna the Loreminder
  6974 | D:7      | Found Mishudda's Magic Scroll Shoppe.
  6983 | D:7      | Bought a scroll of noise for 12 gold pieces
  6983 | D:7      | Bought a scroll of identify for 24 gold pieces
  6983 | D:7      | Bought a scroll of identify for 24 gold pieces
  6995 | D:7      | Found Diwn's Assorted Antiques.
  7005 | D:7      | Bought a scroll labelled BUM JAOSKU for 23 gold pieces
  7005 | D:7      | Bought a grey potion for 20 gold pieces
  7046 | D:7      | Reached skill level 1 in Invocations
  7107 | D:7      | Reached skill level 1 in Conjurations
  7107 | D:7      | Reached skill level 1 in Air Magic
  7381 | D:7      | Reached XP level 10. HP: 45/60 MP: 11/20
  7564 | D:7      | Found Nekhaily's Magic Scroll Boutique.
  7568 | D:7      | Bought a scroll of immolation for 38 gold pieces
  7568 | D:7      | Bought a scroll of identify for 22 gold pieces
  7568 | D:7      | Bought a scroll of vulnerability for 82 gold pieces
  7602 | D:7      | Found Fumao's Distillery.
  7607 | D:7      | Bought a potion of heal wounds for 75 gold pieces
  7607 | D:7      | Bought a potion of curing for 45 gold pieces
  7607 | D:7      | Bought a potion of heal wounds for 75 gold pieces
  7607 | D:7      | Bought a potion of lignification for 45 gold pieces
  7665 | D:7      | Noticed Maggie
  7678 | D:7      | Killed Maggie
  7819 | D:7      | Reached skill level 5 in Dodging
  8720 | D:7      | Reached * piety under Sif Muna
  8909 | D:7      | Found Mupran's Magic Scroll Boutique.
  8916 | D:7      | Bought a scroll of fog for 22 gold pieces
  8916 | D:7      | Bought a scroll of identify for 22 gold pieces
  8916 | D:7      | Bought a scroll of blinking for 82 gold pieces
  8969 | D:8      | Found an iron altar of Okawaru.
  9033 | D:8      | Reached skill level 5 in Air Magic
  9429 | D:9      | Reached skill level 8 in Spellcasting
  9441 | D:9      | Noticed a two-headed ogre
  9915 | D:8      | Reached ** piety under Sif Muna
  9943 | D:9      | Noticed Grum
  9951 | D:9      | Reached XP level 11. HP: 50/64 MP: 21/23
  9953 | D:9      | Killed Grum
 10036 | D:9      | Noticed Joseph
 10066 | D:9      | Killed Joseph
 10066 | D:9      | Killed a two-headed ogre
 10755 | D:9      | Reached skill level 9 in Spellcasting
 11452 | D:9      | Identified the ring "Nowagora" {rPois rN+}
 11684 | D:10     | Entered Level 10 of the Dungeon
 11827 | D:10     | Found a staircase to the Orcish Mines.
 12571 | D:10     | Reached skill level 5 in Invocations
 12794 | D:10     | Noticed Harold
 12947 | D:10     | Killed Harold
 12948 | D:10     | Reached skill level 10 in Stealth
 13066 | D:10     | Found an opulent altar of Gozag.
 13289 | D:11     | Reached *** piety under Sif Muna
 13480 | D:11     | Noticed a cyclops
 13488 | D:11     | Killed a cyclops
 13489 | D:11     | Reached skill level 5 in Conjurations
 13716 | D:11     | Reached skill level 10 in Spellcasting
 13718 | D:11     | Noticed an orc knight
 13722 | D:11     | Noticed a cyclops
 13732 | D:11     | Killed an orc knight
 13733 | D:11     | Reached XP level 12. HP: 30/70 MP: 15/26
 14521 | D:11     | Noticed a six-headed hydra
 14540 | D:11     | Learned a level 4 spell: Iskenderun's Mystic Blast
 14595 | D:11     | Noticed a two-headed ogre
 14605 | D:11     | Killed a two-headed ogre
 14606 | D:11     | Reached skill level 1 in Translocations
 14618 | D:11     | Reached skill level 11 in Spellcasting
 14893 | D:11     | Noticed a five-headed hydra
 15291 | D:11     | Identified the +4 hand axe "Paawe" {flame, rElec Str+6
                  | Int-2}
 15871 | D:8      | Found a faded altar of an unknown god.
 15871 | D:8      | Found a hazy altar of Hepliaklqana.
 15878 | D:8      | Found a radiant altar of Vehumet.
 15880 | D:8      | Found a broken altar of Ashenzari.
 15882 | D:8      | Found a faded altar of an unknown god.
 16204 | D:8      | Found a staircase to the Lair.
 16215 | Lair:1   | Entered Level 1 of the Lair of Beasts
 16590 | Lair:1   | Reached skill level 12 in Spellcasting
 16810 | Lair:1   | Noticed Urug
 16821 | Lair:1   | Killed Urug
 17063 | Lair:1   | Reached **** piety under Sif Muna
 17092 | Lair:1   | Reached skill level 13 in Spellcasting
 17791 | Lair:2   | Reached XP level 13. HP: 74/74 MP: 21/30
 17908 | Lair:2   | Found a hole to the Spider Nest.
 17923 | Lair:2   | Learned a level 5 spell: Freezing Cloud
 17937 | Lair:2   | Learned a level 3 spell: Ignite Poison
 17941 | Lair:2   | Learned a level 3 spell: Mephitic Cloud
 17946 | Lair:2   | Learned a level 4 spell: Summon Ice Beast
 18217 | Lair:2   | Reached skill level 1 in Summonings
 18217 | Lair:2   | Reached skill level 1 in Ice Magic
 20305 | Lair:4   | HP: 2/77 [cane toad (8)]
 20316 | Lair:4   | Killed from afar by an electric eel

Illustrated notes

Levels and vault maps discovered:
D:1:      minmay_arrival_three_doors, layout_loops_ring,
          hellmonk_ecumenical_altar_pennies_from_heaven
D:2:      layout_rooms, serial_curves, eino_curves_01, eino_curves_02,
          eino_curves_02, eino_curves_03, uniq_crazy_yiuf_cottage, uniq_terence,
          uniq_sigmund
D:3:      layout_rooms, serial_shops, nicolae_diamond_shop
D:4:      layout_cave_pools
D:5:      layout_basic, nicolae_ossuary_entry_ruins
D:6:      kennysheep_spiral_hall, layout_cave_pods, temple_fountains,
          grunt_ministairs_15, kennysheep_pointless_box
D:7:      hangedman_cross_stitches, layout_basic, serial_shops,
          nicolae_shop_overgrown_old_shop, nicolae_shop_hallway_plus,
          nicolae_square_shop, nicolae_shop_advertising_works
          [nicolae_subvault_shop_adworks], shop, grunt_decor_junction,
          minmay_checkerbox, uniq_maggie, uniq_menkaure
D:8:      layout_rooms, lemuel_tele_altar, chequers_temple_overflow_minitemple,
          nzn_wu_jian_council_hall, grunt_lair_entry_orc_guard_hut,
          chequers_serial_rivers_small_3, kennysheep_generic_room_10
D:9:      layout_loops_ring, minmay_diced_spiral, uniq_joseph, uniq_grum
D:10:     layout_gridville, nicolae_gozag_cash_rules_everything_around_me,
          minmay_orc_entry_guard_dogs, uniq_harold
D:11:     nicolae_hexawheel, layout_gridville, nicolae_fountain_basement
Temple:   nicolae_temple_elliptical
Lair:1:   wander_river, layout_regular_city, grunt_forest_small_clearings,
          minmay_stone_trees_medium, lemuel_fruit_tree, uniq_urug
Lair:2:   layout_cellular_growth, spider_nest_entry_a
Lair:3:   layout_chaotic_city, minivault_27, lemuel_fruit_fields,
          serial_bayou_shore_b
Lair:4:   layout_roguey, minmay_swamp_entry_reptiles, fungi_pond_lemuel,
          serial_bayou_lagoon_a, chequers_serial_rivers_micro_b,
          grunt_forest_large_clearing_hut

Skill      XL: |  1  2  3  4  5  6  7  8  9 10 11 12 13 |
---------------+----------------------------------------+-----
Short Blades   | 1 2 3 4 |  4.7
Spellcasting   | 3 4 5 6 7 8 10 13 | 13.5
Fighting       | 1 2 3 |  3.1
Earth Magic    | 4 5 6 7 |  7.0
Stealth        | 5 7 8 10 | 10.0
Transmutations | 4 |  4.0
Dodging        | 4 5 |  5.5
Invocations    | 2 3 6 |  6.6
Conjurations   | 2 5 6 |  6.0
Air Magic      | 2 6 |  6.0
Translocations | 3 |  3.0
Summonings     | 2 |  2.0
Ice Magic      | 2 |  2.2
Unarmed Combat | |  0.4

Action                   |  1- 3 |  4- 6 |  7- 9 | 10-12 | 13-15 || total
-------------------------+-------+-------+-------+-------+-------++-------
Melee: Unarmed           |     7 |       |       |       |       ||     7
       Tentacles         |    14 |    15 |    46 |    55 |     9 ||   139
       Constrict         |     8 |     8 |    17 |    29 |    11 ||    73
       Punch             |     3 |       |     2 |     5 |     3 ||    13
       Short sword       |    37 |    47 |   109 |    78 |       ||   271
       Dagger            |       |       |       |   132 |    43 ||   175
 Cast: Sandblast         |    23 |    37 |    72 |   137 |    10 ||   279
       Petrify           |       |     6 |    34 |   130 |    23 ||   193
       Lightning Bolt    |       |       |       |    56 |     5 ||    61
       Iskenderun's Myst |       |       |       |    24 |    19 ||    43
       Freezing Cloud    |       |       |       |       |    13 ||    13
       Mephitic Cloud    |       |       |       |       |     2 ||     2
       Summon Ice Beast  |       |       |       |       |     2 ||     2
       Ignite Poison     |       |       |       |       |     1 ||     1
Invok: Channel Magic     |       |       |       |     8 |     1 ||     9
Evoke: Wand              |       |       |       |     3 |       ||     3
  Use: Scroll            |       |       |     6 |     8 |     2 ||    16
       Potion            |       |       |       |     6 |     4 ||    10
 Stab: Sleeping          |    15 |     8 |     2 |     6 |       ||    31
       Petrified         |       |    28 |    72 |   140 |    17 ||   257
       Petrifying        |       |       |     1 |     3 |     3 ||     7
Armor: Skin              |     4 |     1 |     2 |    28 |     1 ||    36
Dodge: Dodged            |    25 |    16 |    48 |   141 |    30 ||   260
